 Dungeon Crawl Stone Soup version 0.22-a0-608-g8a62e23 (webtiles) character file.

12333 sking99 the Martial Artist (level 11, -5/99 HPs)
             Began as a Yellow Draconian Transmuter on July 10, 2018.
             Was a Believer of Ru.
             Slain by a komodo dragon (22 damage)
             ... on level 1 of the Lair of Beasts.
             The game lasted 00:33:13 (15932 turns).

sking99 the Martial Artist (DrTm)                  Turns: 15932, Time: 00:33:14

Health: -5/99      AC: 11    Str: 14    XL:     11   Next: 61%
Magic:  14/14      EV: 17    Int: 13    God:    Ru [**....]
Gold:   573        SH:  5    Dex: 14    Spells: 10/14 levels left

rFire    + + .     SeeInvis +     - Unarmed
rCold    + . .     Gourm    .   (no shield)
rNeg     . . .     Faith    .   (armour unavailable)
rPois    .         Spirit   .   (helmet restricted)
rElec    .         Reflect  +   q - +1 cloak
rCorr    +         Harm     .   (no gloves)
MR       .....                  u - +1 pair of boots
Stlth    +.........             o - +5 amulet of reflection
HPRegen  0.26/turn              r - ring "Yxovuss" {+Blink rF+ rC+ Slay-2 SInv}
MPRegen  0.14/turn              i - ring of protection from fire

@: lethally poisoned (-5 -> -24), short of breath
A: spit acid, acid resistance, unfitting armour, cold-blooded, inability to use
devices, AC +7
a: Breathe Acid, Renounce Religion


You were on level 1 of the Lair of Beasts.
You worshipped Ru.
Ru was pleased with you.
You were not hungry.

You visited 2 branches of the dungeon, and saw 11 of its levels.
You also visited: Sewer.

You collected 573 gold pieces.

Inventory:

Missiles
 a - 72 arrows (quivered)
Armour
 q - a +1 cloak (worn)
 u - a +1 pair of boots (worn)
Jewellery
 i - a ring of protection from fire (right hand)
 o - a +5 amulet of reflection (around neck)
 r - the ring "Yxovuss" (left hand) {+Blink rF+ rC+ Slay-2 SInv}
   (You found it on level 6 of the Dungeon)

   [ring of see invisible]

   It affects your accuracy and damage with ranged weapons and melee attacks
   (-2).
   It protects you from fire.
   It protects you from cold.
   It lets you see invisible.
   It lets you blink.
 t - an uncursed ring of magical power
Wands
 e - a wand of iceblast (8)
 m - a wand of flame (22)
Scrolls
 d - 5 scrolls of remove curse
 g - 2 scrolls of enchant armour
 l - a scroll of fear
 y - 2 scrolls of teleportation
Potions
 b - a potion of mutation
 f - 4 potions of flight
 h - 5 potions of brilliance
 j - 3 potions of cancellation
 k - a potion of berserk rage
 p - 4 potions of curing
 s - a potion of agility
Comestibles
 c - 12 rations
 n - 6 chunks of flesh


   Skills:
 - Level 10.0 Fighting
 + Level 8.3 Dodging
 - Level 13.0 Unarmed Combat
 - Level 2.0 Spellcasting
 + Level 5.2 Transmutations


You had 10 spell levels left.
You knew the following spells:

 Your Spells              Type           Power        Failure   Level  Hunger
a - Beastly Appendage     Tmut           ##....       3%          1    ##.....
b - Sticks to Snakes      Tmut           ##......     4%          2    ###....
c - Apportation           Tloc           #.....       26%         1    ##.....

Your spell library contained the following spells:

 Spells                   Type           Power        Failure   Level  Hunger
 Summon Small Mammal      Summ           #...         26%         1    ##.....
 Animate Skeleton         Necr           N/A          26%         1    ##.....
 Spider Form              Tmut/Pois      #.........   26%         3    ####...
 Blade Hands              Tmut           ##........   63%         5    ######.
 Ice Form                 Ice/Tmut       #.......     65%         4    #####..
 Confusing Touch          Hex            #.....       26%         1    ##.....


Dungeon Overview and Level Annotations

Branches:
Dungeon (10/15)            Temple (0/1) D:6            Lair (1/6) D:10
    Orc (0/2) D:10

Altars:
Dithmenos
Gozag
Makhleb
Okawaru
Qazlal
Ru
Xom

Shops:
D:4 [   D:6 =

Annotations:
D:3 1 runed door, VincentAMV's ghost, amateur MiFi
D:8 1 runed door, TheNamelessOne's ghost, novice DsCK
D:10 1 runed door
Lair:1 1 runed door


Innate Abilities, Weirdness & Mutations

You can spit globs of acid.
You are resistant to acid.
Your golden yellow scales are hard. (AC +7)
You cannot fit into any form of body armour.
You are cold-blooded and may be slowed by cold attacks.
You cannot study or use magical devices.


Message History

The black mamba bites you!
You are poisoned.
The black mamba poisons you! The black mamba misses you.
The komodo dragon bites you but does no damage.
You miss the black mamba.
The black mamba is almost dead.
You feel sick. The black mamba bites you!
* * * LOW HITPOINT WARNING * * *
You are lethally poisoned!
The black mamba poisons you!
You closely miss the black mamba.
The black mamba is almost dead.
* * * LOW HITPOINT WARNING * * *
You feel sick.
You redirect the black mamba's attack!
The black mamba bites the komodo dragon!
The komodo dragon looks as sick as possible!
The black mamba poisons the komodo dragon!
The komodo dragon bites you!!
You die...

#.P.......
#.P......# .# ##
##.P......#
...#.##..#......#
#..............
.+.......#+.#.###..
..........Sl......#
......†....@.....##
.#...............+.
#....#.####.....##
#..P#### #.....#
....# ...... ....
..#.#. ... .### ..
.#


You could see a komodo dragon and a black mamba.

Vanquished Creatures
  3 two-headed ogres
  Pikel (D:9)
  An oklob plant (D:10)
  A cyclops (D:10)
  A gargoyle (D:10)
  A yaktaur (D:10)
  An efreet (D:10)
  2 trolls
  A polar bear (D:8)
  A slime creature (D:10)
  4 hippogriffs
  Sigmund (D:6)
  A wyvern (D:9)
  A human (D:7)
  4 hungry ghosts
  4 hogs (D:7)
  2 water moccasins (Lair:1)
  Duvessa (D:5)
  3 sky beasts
  An orc warrior (D:8)
  2 slaves (D:9)
  2 black bears (D:8)
  A hornet zombie (D:5)
  7 ice beasts
  4 ogres
  A phantom (D:6)
  3 centaurs
  2 big kobolds
  6 bullfrogs
  Dowan (D:5)
  11 killer bees
  10 wights
  An electric eel (D:10)
  2 howler monkeys
  3 crimson imps
  A bullfrog zombie (D:6)
  2 bullfrog skeletons
  4 hounds
  3 jellies
  2 orc priests
  5 orc wizards
  3 iguanas
  5 worker ants
  A killer bee zombie (D:8)
  A hound skeleton (D:6)
  2 worker ant zombies
  5 gnolls
  2 river rats
  7 adders
  A shadow imp (D:10)
  A white imp (D:8)
  An ufetubus (D:8)
  2 oozes
  3 adder skeletons
  5 worms
  3 dart slugs
  3 leopard geckos
  26 orcs
  5 giant cockroaches
  9 goblins
  9 hobgoblins
  14 jackals
  2 quokkas
  A ball python (D:6)
  10 bats
  4 frilled lizards
  15 kobolds
  A quokka simulacrum (D:8)
  A quokka skeleton (D:4)
  11 rats
  2 plants (D:10)
263 creatures vanquished.

Vanquished Creatures (collateral kills)
  A two-headed ogre (D:10)
  An ogre (D:4)
  A hound skeleton (D:4)
  An adder (D:2)
  A worm (D:4)
  A leopard gecko (D:4)
  2 orcs
  A jackal (D:2)
9 creatures vanquished.

Vanquished Creatures (others)
  An adder (D:10)
  A shadow imp (D:9)
  3 plants (D:10)
5 creatures vanquished.

Grand Total: 277 creatures vanquished

Notes
Turn   | Place    | Note
-------+----------+-------------------------------------------
     0 | D:1      | sking99 the Draconian Transmuter began the quest for the Orb.
     0 | D:1      | Reached XP level 1. HP: 16/16 MP: 3/3
   407 | D:1      | Reached XP level 2. HP: 23/23 MP: 5/5
   444 | D:1      | Learned a level 2 spell: Sticks to Snakes
  1167 | D:2      | Reached XP level 3. HP: 17/29 MP: 3/6
  1422 | D:2      | Found a shimmering altar of Xom.
  1668 | D:2      | Reached skill level 4 in Unarmed Combat
  1668 | D:2      | Reached XP level 4. HP: 14/37 MP: 7/7
  2673 | D:3      | Found a runed door.
  2673 | D:3      | Noticed VincentAMV's ghost (amateur MiFi)
  2905 | D:3      | Reached XP level 5. HP: 42/42 MP: 6/8
  3378 | D:3      | Reached skill level 5 in Unarmed Combat
  3414 | D:3      | Found a shadowy altar of Dithmenos.
  3687 | D:4      | Reached XP level 6. HP: 40/51 MP: 7/9
  3981 | D:4      | Found a glowing drain.
  3985 | Sewer    | Entered a sewer
  4203 | Sewer    | Found a white marble altar of Elyvilon.
  4274 | Sewer    | Became a worshipper of Elyvilon the Healer
  4653 | D:4      | Found a stormy altar of Qazlal.
  4672 | D:4      | Noticed a sky beast
  4688 | D:4      | Killed a sky beast
  4688 | D:4      | Reached skill level 6 in Unarmed Combat
  4688 | D:4      | Your scales start taking on a golden yellow colour.
  4688 | D:4      | Reached XP level 7. HP: 43/59 MP: 10/10
  4812 | D:4      | Found Ehalu's Antique Armour Shop.
  5081 | D:4      | Reached * piety under Elyvilon
  5391 | D:5      | Entered Level 5 of the Dungeon
  5518 | D:5      | Found a sacrificial altar of Ru.
  5526 | D:5      | Fell from the grace of Elyvilon
  5526 | D:5      | Became a worshipper of Ru the Awakened
  5622 | D:5      | HP: 1/60 [hornet zombie (7)]
  5873 | D:5      | You fall through a shaft for 2 floors!
  5904 | D:6      | Found Biufub's Jewellery Shop.
  5923 | D:6      | Reached skill level 7 in Unarmed Combat
  5966 | D:6      | Found an opulent altar of Gozag.
  6170 | D:6      | Noticed Sigmund
  6234 | D:6      | Killed Sigmund
  6234 | D:6      | Reached skill level 5 in Fighting
  6234 | D:6      | Reached skill level 5 in Transmutations
  6234 | D:6      | Reached XP level 8. HP: 61/68 MP: 8/11
  6279 | D:6      | Found an iron altar of Okawaru.
  6447 | D:5      | Noticed Dowan
  6449 | D:5      | Noticed Duvessa
  6462 | D:5      | Killed Duvessa
  6462 | D:5      | Reached skill level 8 in Unarmed Combat
  6469 | D:5      | Killed Dowan
  6827 | D:6      | Got a brightly glowing glass ring
  6828 | D:6      | Identified the ring "Yxovuss" {+Blink rF+ rC+ Slay-2 SInv} (You found it on level 6 of the Dungeon)
  6841 | D:6      | Found a staircase to the Ecumenical Temple.
  7730 | D:6      | Reached skill level 9 in Unarmed Combat
  7965 | D:6      | Reached XP level 9. HP: 60/78 MP: 12/12
  8839 | D:7      | Learned a level 1 spell: Apportation
  8894 | D:7      | Found a burning altar of Makhleb.
  9220 | D:7      | Reached skill level 10 in Unarmed Combat
  9910 | D:8      | Noticed a polar bear
 10576 | D:8      | Reached XP level 10. HP: 88/88 MP: 11/13
 10586 | D:8      | Reached skill level 11 in Unarmed Combat
 10751 | D:8      | Noticed a two-headed ogre
 10777 | D:8      | Killed a two-headed ogre
 11089 | D:8      | Noticed TheNamelessOne's ghost (novice DsCK)
 11401 | D:8      | Found a runed door.
 11828 | D:9      | Reached skill level 5 in Dodging
 12263 | D:9      | Noticed Pikel
 12295 | D:9      | Killed Pikel
 12295 | D:9      | Reached skill level 12 in Unarmed Combat
 12445 | D:9      | Gained mutation: You cannot study or use magical devices. [Ru sacrifice]
 12445 | D:9      | Reached * piety under Ru
 12445 | D:9      | Reached ** piety under Ru
 12918 | D:10     | Entered Level 10 of the Dungeon
 12935 | D:10     | Noticed a cyclops
 13046 | D:10     | Killed a cyclops
 13248 | D:10     | Noticed a gargoyle
 13269 | D:10     | Killed a gargoyle
 13269 | D:10     | Reached XP level 11. HP: 75/97 MP: 14/14
 13463 | D:10     | Found a staircase to the Orcish Mines.
 13463 | D:10     | Noticed a two-headed ogre
 13474 | D:10     | Killed a two-headed ogre
 13673 | D:10     | Noticed a two-headed ogre
 13701 | D:10     | Killed a two-headed ogre
 14021 | D:10     | Found a runed door.
 14042 | D:10     | Noticed an eight-headed hydra
 14465 | D:10     | Reached skill level 10 in Fighting
 14503 | D:10     | Reached skill level 13 in Unarmed Combat
 14751 | D:10     | Noticed a two-headed ogre
 14776 | D:10     | Killed a two-headed ogre
 15827 | D:10     | Found a staircase to the Lair.
 15827 | D:10     | Noticed an oklob plant
 15856 | D:10     | Killed an oklob plant
 15861 | Lair:1   | Entered Level 1 of the Lair of Beasts
 15861 | Lair:1   | Found a runed door.
 15932 | Lair:1   | Slain by a komodo dragon

Vault maps used:
D:1:      lightli_arrival_farm, minmay_tetromino_t4
D:2:      tgw_xom
D:3:      nicolae_dithmenos_shadow_blocks, first_ration,
          hellmonk_ghost_happy_afterlife, st_stairs_1, interstate_on_off,
          grunt_ministairs_10
D:4:      kennysheep_mini, gup_sewer_entry_bowl, serial_shops,
          nicolae_shop_temple_entry_statues_fountains
D:5:      nicolae_ru_sacrificial_ziggurat, minivault_23, uniq_duvessa
D:6:      okawaru_gym_becter, temple_fountains, serial_shops, shop_fountains,
          grunt_gozag_breadcrumbs, uniq_sigmund
D:7:      lemuel_round_altar, grunt_livestock
D:8:      hellmonk_ghost_happy_afterlife, serial_ice, serial_ice_c,
          serial_ice_f, serial_ice_g, serial_ice_n, nicolae_water_bricks
D:9:      uniq_pikel
D:10:     minmay_the_grid_triangle_9x9_recursive_2, dpeg_oklobed_lair,
          minivault_14, minmay_misc_feat_doors
Lair:1:   hellmonk_ghost_happy_afterlife, kennysheep_snail_temple
Sewer:    sewer_kobolds

Skill      XL: |  1  2  3  4  5  6  7  8  9 10 11 |
---------------+----------------------------------+-----
Fighting       | 2 3 4 5 6 8 9 10 | 10.0
Unarmed Combat | 4 5 6 7 9 10 12 13 | 13.0
Transmutations | 3 4 5 |  5.2
Dodging        | 4 5 8 |  8.3
Spellcasting   | |  2.0

Action                   |  1- 3 |  4- 6 |  7- 9 | 10-12 || total
-------------------------+-------+-------+-------+-------++-------
Melee: Unarmed           |   146 |   321 |   478 |   484 ||  1429
       Tailslap          |    13 |    25 |    76 |    56 ||   170
       Punch             |     2 |     8 |    27 |    39 ||    76
       Headbutt          |       |     7 |    14 |       ||    21
       Kick              |       |    10 |    10 |       ||    20
 Cast: Sticks to Snakes  |     1 |     3 |    11 |    24 ||    39
       Beastly Appendage |       |    14 |    15 |     2 ||    31
Invok: Sacrifice Artific |       |       |       |     1 ||     1
 Abil: Breathe Acid      |       |       |    16 |    25 ||    41
  Use: Scroll            |       |     9 |     7 |    10 ||    26
       Potion            |       |     1 |     2 |     2 ||     5
 Stab: Sleeping          |     1 |       |       |     1 ||     2
       Distracted        |       |       |     1 |     1 ||     2
  Eat: Chunk             |     3 |    10 |    21 |    16 ||    50
       Ration            |       |       |     2 |     4 ||     6
Armor: Skin              |    80 |    80 |   133 |   130 ||   423
Dodge: Dodged            |   110 |   148 |   204 |   278 ||   740
Block: Other             |       |    28 |    84 |    92 ||   204
       Reflection        |       |       |       |     1 ||     1

Table legend:
 A = Spawn XP
 B = Non-spawn XP
 C = Spawn XP percentage of total XP
 D = Spawn monster count
 E = Non-spawn monster count
 F = Spawn count percentage of total count
 G = Total turns spent on level
                    A         B        C        D         E        F      G
               +---------+---------+-------+---------+---------+-------+---------
         Total |       0 |   17619 |   0.0 |       0 |     269 |   0.0 | 15932
               +---------+---------+-------+---------+---------+-------+---------
           D:1 |       0 |      28 |   0.0 |       0 |      16 |   0.0 |  1148
           D:2 |       0 |     131 |   0.0 |       0 |      28 |   0.0 |  1252
           D:3 |       0 |     157 |   0.0 |       0 |      28 |   0.0 |  1190
           D:4 |       0 |     462 |   0.0 |       0 |      29 |   0.0 |  1483
           D:5 |       0 |     583 |   0.0 |       0 |      10 |   0.0 |  1460
           D:6 |       0 |    1404 |   0.0 |       0 |      28 |   0.0 |  1297
           D:7 |       0 |    1957 |   0.0 |       0 |      23 |   0.0 |  2119
           D:8 |       0 |    2695 |   0.0 |       0 |      34 |   0.0 |  1553
           D:9 |       0 |    2724 |   0.0 |       0 |      29 |   0.0 |  1892
          D:10 |       0 |    7043 |   0.0 |       0 |      31 |   0.0 |  2149
        Lair:1 |       0 |     310 |   0.0 |       0 |       2 |   0.0 |    71
         Sewer |       0 |     125 |   0.0 |       0 |      11 |   0.0 |   318
               +---------+---------+-------+---------+---------+-------+---------
